 Dungeon Crawl Stone Soup version 0.29.1-13-g9f3cf754e1 (webtiles) character file.

Game seed: 7896947955352855694

854 DildoBatman the Conjurer (level 8, -9/58 HPs)
             Began as a Formicid Conjurer on Jan 30, 2023.
             Was an Initiate of Kikubaaqudgha.
             Mangled by Edmund
             ... wielding a +1 dire flail of holy wrath
              (15 damage)
             ... on level 5 of the Dungeon.
             The game lasted 00:14:34 (6052 turns).

DildoBatman the Conjurer (Formicid Conjurer)        Turns: 6052, Time: 00:14:35

Health: -9/58      AC:  3    Str: 11    XL:     8   Next: 21%
Magic:  14/16      EV: 12    Int: 21    God:    Kikubaaqudgha [......]
Gold:   196        SH:  0    Dex: 12    Spells: 15/18 levels left

rFire   . . .      SeeInvis +   a - +1 halberd (protect)
rCold   . . .      Faith    .   (no shield)
rNeg    . . .      Spirit   .   B - +0 robe
rPois   .          Reflect  .   (helmet unavailable)
rElec   .          Harm     .   p - +0 cloak
rCorr   .          Rampage  .   (no gloves)
Will    .....                   (no boots)
Stlth   ++........              (no amulet)
HPRegen 0.19/turn               (no ring)
MPRegen 0.15/turn               (no ring)

@: no status effects
A: permanent stasis, dig shafts and tunnels, antennae 3, four strong arms
a: Dig, Shaft Self, Renounce Religion


You were on level 5 of the Dungeon.
You worshipped Kikubaaqudgha.
Kikubaaqudgha was noncommittal.
You visited 2 branches of the dungeon, and saw 6 of its levels.

You collected 196 gold pieces.

Inventory:

Hand Weapons
 a - a +1 halberd of protection (weapon)
 c - a +0 spear
 l - a +0 rapier
 v - a +0 sling
 D - a +2 flail of protection
 E - a +1 dagger of electrocution
Missiles
 j - 5 poisoned darts
 A - a throwing net
Armour
 p - a +0 cloak (worn)
 y - +0 fire dragon scales
 B - a +0 robe (worn)
Magical Staves
 w - a staff of cold
Wands
 C - a wand of quicksilver (11)
Scrolls
 e - 2 scrolls of identify {unknown}
 f - a scroll of enchant weapon {unknown}
 h - 2 scrolls of noise {unknown}
 i - a scroll of enchant armour {unknown}
 m - 2 scrolls of butterflies {unknown}
 q - a scroll of vulnerability {unknown}
 r - a scroll of amnesia {unknown}
 s - a scroll of magic mapping {unknown}
 t - 2 scrolls of brand weapon {unknown}
 x - a scroll of immolation {unknown}
Potions
 b - 2 potions of magic
 d - a potion of mutation {unknown}
 g - 2 potions of brilliance {unknown}
 k - 3 potions of attraction {unknown}
 n - a potion of invisibility {unknown}
 o - 6 potions of curing {unknown}
 u - a potion of ambrosia {unknown}
 z - a potion of heal wounds {unknown}


   Skills:
 - Level 3.0 Fighting
 - Level 3.0 Armour
 - Level 2.0 Dodging
 - Level 2.4 Stealth
 * Level 5.9 Spellcasting
 - Level 6.0 Conjurations


You had 15 spell levels left.
You knew the following spells:

 Your Spells              Type           Power      Damage    Failure   Level
a - Searing Ray           Conj           62%        2d6       1%          2
c - Magic Dart            Conj           100%       1d8       1%          1

Your spell library contained the following spells:

 Spells                   Type           Power      Damage    Failure   Level
 Dazzling Flash           Conj/Hex       36%        N/A       9%          3
 Freeze                   Ice            24%        1d5       10%         1
 Fulminant Prism          Conj/Hex       9%         3d7       28%         4
 Hailstorm                Conj/Ice       18%        3d6       28%         4
 Iskenderun's Mystic Bla  Conj/Tloc      18%        2d6       28%         4
 Frozen Ramparts          Ice            12%        1d2       30%         3
 Portal Projectile        Hex/Tloc       12%        N/A       30%         3
 Tukima's Dance           Hex            6%         N/A       30%         3
 Blade Hands              Tmut           3%         N/A       95%         5


Dungeon Overview and Level Annotations

Branches:
Dungeon (5/15)             Temple (1/1) D:5

Altars:
Ashenzari
Cheibriados
Elyvilon
Fedhas
Gozag
Hepliaklqana
Kikubaaqudgha
Makhleb
Nemelex Xobeh
Qazlal
Ru
Trog
Uskayaw
Vehumet
Wu Jian
Xom
Zin
The Shining One
Lugonu

Shops:
D:3 [

Portals:
Abyss: D:4

Annotations:
D:5 Edmund, Sigmund


Innate Abilities, Weirdness & Mutations

You cannot be hasted, slowed, berserked, paralysed or teleported.
You can dig through walls and to a lower floor.
You have a pair of large antennae on your head. (SInv)
Your four strong arms can wield two-handed weapons with a shield.


Message History

Edmund hits you with a +1 dire flail of holy wrath!
The searing ray hits Edmund.
Edmund is severely wounded.
Edmund closely misses you.
The searing ray hits Edmund.
Edmund is severely wounded.
Edmund hits you with a +1 dire flail of holy wrath!
The searing ray hits Edmund.
Edmund is severely wounded.
You finish channelling your searing ray.
Edmund hits you with a +1 dire flail of holy wrath.
You hit Edmund but do no damage.
Your weapon exudes an aura of protection.
Edmund is severely wounded.
Edmund hits you with a +1 dire flail of holy wrath!
Casting: Searing Ray (safe; 1% risk of failure)
Confirm with . or Enter, or press ? or * to list all spells.
Aiming: Searing Ray (safe; 1% risk of failure)
Press: ? - help, Shift-Dir - straight line, f/p - Edmund
Aim: Edmund, wielding a +1 dire flail of holy wrath and wearing a +0 scale mail (severely wounded, 82% to hit)
The searing ray hits Edmund but does no damage.
Edmund is severely wounded. (Press . to maintain the ray.) Edmund hits you but does no damage.
The searing ray hits Edmund.
Edmund is almost dead.
Edmund closely misses you. Magic courses through your body.
Edmund hits you with a +1 dire flail of holy wrath!
Casting: Searing Ray (safe; 1% risk of failure)
Confirm with . or Enter, or press ? or * to list all spells.
Aiming: Searing Ray (safe; 1% risk of failure)
Press: ? - help, Shift-Dir - straight line, f/p - Edmund
Aim: Edmund, wielding a +1 dire flail of holy wrath and wearing a +0 scale mail (almost dead, 82% to hit)
The searing ray hits Edmund.
Edmund is almost dead. (Press . to maintain the ray.) Edmund hits you with a +1 dire flail of holy wrath!
You die...
Kikubaaqudgha rasps: "You have failed me!
Welcome... death!"

.##.##.# ##...## #.# .......###
##.....## ####.##
.........###.......## ##.#...#
.......#.##.........####....#.#
.......#.#'.........'.........##
.......#.##.........####.......#
.#..#..#.###...)...## #..##.#.#
.#..####.####.....## #.###.#.#
......#...# ##..@## #.##..#.#
.##.#.#.#.# ##@## #.##.##.#
.##.###.#.## #. #.......#
.##.##..#..# #.###########.####
....##.###.## #.#......# #.#
#####..#)#..###...####.# #.#
###...##.##...##### #.# #.#
.5..###...###....#####.# #.#
.)......⌠...####.......####.#


You could see Edmund.

Vanquished Creatures
  Grinder (D:5)
  2 phantoms
  2 scorpions
  2 hounds (D:5)
  A gnoll bouda (D:5)
  Terence (D:2)
  4 iguanas
  5 gnolls (D:5)
  5 adders
  A white imp (D:5)
  2 worms (D:3)
  3 dart slugs
  5 orcs
  4 endoplasms (D:1)
  3 giant cockroaches (D:3)
  3 goblins
  5 hobgoblins
  4 quokkas
  3 ball pythons
  6 bats
  3 frilled lizards
  8 kobolds
  5 rats
78 creatures vanquished.

Notes
Turn   | Place    | Note
-------+----------+-------------------------------------------
     0 | D:1      | DildoBatman the Formicid Conjurer began the quest for the
                  | Orb.
     0 | D:1      | Reached XP level 1. HP: 13/13 MP: 3/3
   225 | D:1      | Reached XP level 2. HP: 13/20 MP: 1/5
   228 | D:1      | Learned a level 2 spell: Searing Ray
   871 | D:2      | Reached skill level 1 in Fighting
   871 | D:2      | Reached skill level 1 in Armour
   871 | D:2      | Reached XP level 3. HP: 26/26 MP: 1/6
  1015 | D:2      | Noticed Terence
  1338 | D:2      | You fall into a shaft and drop 1 floor!
  1632 | D:2      | Reached XP level 4. HP: 32/32 MP: 5/8
  1776 | D:3      | Found a faded altar of an unknown god.
  2153 | D:3      | Reached skill level 4 in Conjurations
  2439 | D:3      | Reached XP level 5. HP: 38/38 MP: 5/9
  2644 | D:3      | Found Zupsuatt's Armour Emporium.
  3032 | D:4      | Noticed a phantom
  3123 | D:4      | Found a large runed translucent door.
  3123 | D:4      | Found a large runed translucent door.
  3123 | D:4      | Found a corrupted altar of Lugonu.
  3167 | D:4      | Found a one-way gate to the infinite horrors of the Abyss.
  3462 | D:4      | Reached XP level 6. HP: 36/46 MP: 1/11
  3669 | D:5      | Entered Level 5 of the Dungeon
  3996 | D:5      | Noticed Sigmund
  4101 | D:5      | Noticed Edmund
  4243 | D:5      | Reached XP level 7. HP: 14/52 MP: 2/13
  4412 | D:5      | Noticed Grinder
  4602 | D:5      | Reached skill level 5 in Conjurations
  4617 | D:5      | Found a sacrificial altar of Ru.
  4623 | D:5      | Found a burning altar of Makhleb.
  4628 | D:5      | Found a bloodstained altar of Trog.
  4996 | D:5      | Found an ornate altar of the Wu Jian Council.
  5132 | D:5      | Found a staircase to the Ecumenical Temple.
  5139 | Temple   | Entered the Ecumenical Temple
  5408 | Temple   | Became a worshipper of Kikubaaqudgha
  5520 | D:5      | Reached skill level 5 in Spellcasting
  5709 | D:5      | Killed Grinder
  5710 | D:5      | Reached skill level 6 in Conjurations
  5710 | D:5      | Reached XP level 8. HP: 58/58 MP: 2/16
  5825 | D:2      | Killed Terence
  6052 | D:5      | Mangled by Edmund

Illustrated notes

Levels and vault maps discovered:
D:1:      evilmike_arrival_home_sweet_home, layout_loops_ring
D:2:      layout_basic, chequers_serial_rivers_micro_d, uniq_terence
D:3:      layout_loops_corners, serial_co_window_serial, co_window_corner_a,
          co_window_corner_a, co_window_of_opportunity_a, co_window_paths_b,
          co_window_paths_a, co_window_broadway_a, co_window_broadway_c,
          co_window_broadway_b, co_window_sun, co_window_4corner_a,
          glass_columns_a, glass_columns_a,
          shapermc_ecumenical_altar_totnotflames, serial_shops, shop
D:4:      due_chaos_kobolds, layout_loops_ring
D:5:      minmay_general_purpose_star, layout_loops_corners, kennysheep_mini,
          minmay_overflow_temple_star_quad, minmay_temple_entry_nine_rooms,
          uniq_sigmund, uniq_grinder, uniq_edmund
Temple:   minmay_temple_curvy_branch

Skill      XL: |  1  2  3  4  5  6  7 |
---------------+----------------------+-----
Dodging        | 2 |  2.0
Fighting       | 1 2 3 |  3.0
Armour         | 1 2 3 |  3.0
Conjurations   | 4 6 |  6.0
Spellcasting   | 3 4 5 |  5.9
Stealth        | |  2.4

Action                   |  1- 3 |  4- 6 |  7- 9 || total
-------------------------+-------+-------+-------++-------
Melee: Spear             |    22 |    14 |     1 ||    37
       Halberd           |       |       |     5 ||     5
 Cast: Magic Dart        |    41 |     9 |     8 ||    58
       Searing Ray       |     3 |    22 |    23 ||    48
  Use: Scroll            |       |     1 |       ||     1
       Potion            |       |       |     1 ||     1
 Stab: Sleeping          |     1 |     1 |       ||     2
Armor: Robe              |     2 |     4 |     6 ||    12
Dodge: Dodged            |    12 |    15 |    19 ||    46
